 Dungeon Crawl Stone Soup version 0.19-a0-1225-gf887c1c (webtiles) character file.

144713 Duffy the Peltast (level 16, -17/151 HPs)
             Began as a Minotaur Fighter on Aug 25, 2016.
             Was the Champion of the Shining One.
             Demolished by a spriggan defender
             ... wielding a +4 quick blade
              (18 damage)
             ... on level 3 of the Depths.
             The game lasted 01:06:30 (37280 turns).

Duffy the Peltast (Minotaur Fighter)               Turns: 37280, Time: 01:06:31

Health: -17/151    AC: 26    Str: 23    XL:     16   Next: 85%
Magic:  0/30       EV: 12    Int: 10    God:    the Shining One [******]
Gold:   653        SH: 22    Dex: 15    Spells: 4 memorised, 7 levels left

rFire  + . .     SeeInvis .     a - +1 whip (elec)
rCold  + . .     Gourm    .     x - +0 plate armour
rNeg   + + +     Faith    .     l - +0 large shield
rPois  +         Spirit   +     B - +3 hat of Pondering {ponderous, MR+ MP+10 Int+5}
rElec  .         Dismiss  .     S - +0 cloak
rCorr  .         Reflect  .     e - +1 pair of gloves
MR     +++..     Harm     .     L - +0 pair of boots
Stlth  ..........               G - amulet of guardian spirit
                                N - +3 ring of slaying
                                P - ring "Oruic" {rPois rF+ rC+ MR+, =R}

@: glowing, slow
A: retaliatory headbutt, horns 2
a: Divine Shield, Cleansing Flame, Summon Divine Warrior, Brand Weapon With Holy
Wrath, Renounce Religion


You were on level 3 of the Depths.
You worshipped the Shining One.
The Shining One was exalted by your worship.
You were not hungry.

You visited 5 branches of the dungeon, and saw 28 of its levels.
You also visited: Labyrinth, Ice Cave and Volcano.

You collected 2201 gold pieces.
You spent 1548 gold pieces at shops.

Inventory:

Hand Weapons
 a - a +1 whip of electrocution (weapon)
Armour
 e - a +1 pair of gloves (worn)
 l - a +0 large shield (worn)
 x - a +0 plate armour (worn)
 B - the +3 hat of Pondering (worn) {ponderous, MR+ MP+10 Int+5}
   (You took it off Gastronok on level 1 of the Lair of Beasts)

   It affects your intelligence (+5).
   It affects your resistance to hostile enchantments.
   It affects your magic capacity (+10).
 L - a +0 pair of boots (worn)
 S - a +0 cloak (worn)
Jewellery
 z - an uncursed ring of protection from magic
 D - an uncursed ring of protection from fire
 G - an amulet of guardian spirit (around neck)
 N - a +3 ring of slaying (right hand)
 P - the ring "Oruic" (left hand) {rPois rF+ rC+ MR+, =R}
   (You bought it in a shop on level 8 of the Dungeon)

   [ring of poison resistance]

   It protects you from fire.
   It protects you from cold.
   It protects you from poison.
   It affects your resistance to hostile enchantments.
 U - an uncursed ring of resist corrosion
Wands
 c - a wand of lightning (6/15)
 F - a wand of disintegration (12/24)
 I - a wand of teleportation (6/9)
 Q - a wand of acid (9/15)
 Y - a wand of paralysis (6/24)
Scrolls
 b - a scroll of identify
 g - 3 scrolls of fear
 h - 3 scrolls of fog
 j - 3 scrolls of enchant weapon
 k - 5 scrolls of immolation
 o - 17 scrolls of remove curse
 p - 6 scrolls of teleportation
 v - 2 scrolls of silence
 w - a scroll of summoning {unknown}
 y - a scroll of holy word
 C - 6 scrolls of recharging
 H - 2 scrolls of vulnerability
 M - 4 scrolls of enchant armour
 R - 2 scrolls of blinking
 V - a scroll of brand weapon
Potions
 d - 5 potions of might
 i - 4 potions of flight
 m - 2 potions of agility
 n - 3 potions of cure mutation
 q - 14 potions of curing
 t - 7 potions of brilliance
 u - a potion of magic
 A - a potion of resistance
 E - a potion of haste
 J - 3 potions of ambrosia
 K - a potion of heal wounds
 O - a potion of berserk rage
Comestibles
 f - 13 bread rations
 r - 7 meat rations
 s - 5 chunks of flesh
 T - 24 fruits


   Skills:
 + Level 16.0 Fighting
 - Level 14.0 Maces & Flails
 + Level 16.0 Armour
 - Level 10.5 Dodging
 + Level 18.8 Shields
 - Level 5.0 Invocations
 - Level 7.5 Evocations


You had 7 spell levels left.
You knew the following spells:

 Your Spells              Type           Power        Failure   Level  Hunger
a - Apportation           Tloc           #.........   100%        1    ##.....
b - Blink                 Tloc           N/A          100%        2    ###....
c - Summon Butterflies    Summ           #.......     100%        1    ##.....
d - Passage of Golubria   Tloc           N/A          100%        4    #####..


Dungeon Overview and Level Annotations

Branches:
Dungeon (15/15)            Temple (1/1) D:5            Lair (6/6) D:10
 Shoals (0/4) Lair:3       Spider (0/4) Lair:4        Slime (0/5) Lair:5
    Orc (2/2) D:12            Elf (0/3) Orc:2        Vaults (0/5) D:14
 Depths (4/5) D:15

Altars:
Ashenzari
Cheibriados
Dithmenos
Elyvilon
Fedhas
Gozag
Hepliaklqana
Kikubaaqudgha
Makhleb
Nemelex Xobeh
Okawaru
Qazlal
Ru
Sif Muna
Trog
Uskayaw
Vehumet
Xom
Yredelemnul
Zin
The Shining One
Jiyva

Shops:
D:4 *   D:8 =   D:12 ?   D:15 ?   Orc:2 ([*=   Depths:1 [:[(?   Depths:4 ?

Portals:
Hell: Depths:1 Depths:4
Abyss: Depths:1
Trove: D:12 (give +2 shadow dragon armour)

Annotations:
D:3 Natasha
D:6 1 exclusion
Lair:4 exclusion: 2 downstairs
Lair:5 exclusion: oklob plant


Innate Abilities, Weirdness & Mutations

You reflexively headbutt those who attack you in melee.
You have a pair of horns on your head.


Message History

You hit the spriggan berserker.
There is a sudden explosion of sparks!
You kill the spriggan berserker!
Your Armour skill increases to level 16!
You block the spriggan defender's attack.
The spriggan defender hits you with an enchanted quick blade.
You swing at nothing.
You block the spriggan defender's attack.
You swing at nothing.
The spriggan defender barely misses you.
You swing at nothing.
The spriggan defender hits you but does no damage.
You swing at nothing.
You block the spriggan defender's attack.
The spriggan defender blocks your attack. x2
The spriggan defender hits you with an enchanted quick blade!
You hit the spriggan defender.
There is a sudden explosion of sparks!
Your headbutt misses the spriggan defender.
The spriggan defender is moderately wounded.
The spriggan defender hits you with an enchanted quick blade!!
You die...

########
#######.......
######....##.<[..<.
+)@i[)..}.''.......
######....##...<...
#######.......
########


You could see a spriggan defender.

Vanquished Creatures
  A tentacled monstrosity (Depths:3)
  A lich (Depths:1)
  Gastronok (Lair:1)
  Kirke (Lair:6)
  2 orc warlords
  A spriggan defender (Depths:3)
  3 very ugly things (Depths:1)
  A stone giant (Depths:1)
  A dire elephant (D:15)
  2 ettins
  Snorg (D:12)
  Josephine (D:12)
  The ghost of Shenda the Carver, a journeyman DsGl of Okawaru (Lab)
  A minotaur (Lab)
  5 fire dragons
  Erolcha (Orc:1)
  Harold (D:12)
  An ice dragon (Depths:1)
  5 vault guards
  5 hydras
  A death knight (D:15)
  4 catoblepae
  2 ogre magi
  2 centaur warriors
  4 deep troll shamans
  A deep troll earth mage (Depths:1)
  13 death yaks (Lair:6)
  6 tengu warriors
  A vampire mage (Depths:1)
  The ghost of crawlian the Arsonist, a journeyman DEFE of Sif Muna (Lair:3)
  6 orc high priests
  2 spriggan berserkers (Depths:3)
  A sun demon (Volcano)
  4 skeletal warriors (D:14)
  A fire crab (Lair:4)
  A sea snake (shapeshifter) (Depths:3)
  A giant orange brain (Depths:1)
  5 deep trolls (Depths:1)
  4 unseen horrors
  2 phantasmal warriors (D:15)
  3 wizards
  6 hill giants
  3 deep elf magi (D:15)
  Pikel (D:8)
  3 orc knights
  A manticore (D:15)
  A wolf spider (D:15)
  3 griffons
  5 orc sorcerers
  A cyclops (D:14)
  8 large abominations (Depths:1)
  27 ugly things
  8 black mambas
  9 centaur skeletons
  The ghost of azzavlup the Transmogrifier, a novice NaTm (D:5)
  7 spiny frogs
  Psyche (D:12)
  4 rime drakes
  An efreet (D:15)
  A freezing wraith (D:15)
  5 yaktaurs (Depths:1)
  5 komodo dragons
  9 trolls
  4 tengu conjurers
  A meliai (shapeshifter) (Depths:1)
  3 meliai (D:13)
  A polar bear (IceCv)
  A hornet zombie (D:14)
  4 two-headed ogres
  6 slime creatures
  Grinder (D:6)
  A boulder beetle (Lair:4)
  6 spriggans
  2 shadows
  3 wyverns
  5 wraiths
  A vampire (D:14)
  2 water elementals (Depths:1)
  37 yaks
  3 fire bats (Volcano)
  10 hippogriffs
  2 chaos spawn (Depths:1)
  5 hogs (Lair:6)
  2 hungry ghosts
  7 vampire mosquitoes
  3 basilisks
  Menkaure (D:5)
  3 wargs (Orc:1)
  A mottled dragon (D:11)
  8 water moccasins
  Duvessa (D:6)
  13 porcupines
  7 ice beasts
  35 orc warriors
  2 black bears
  A phantom (D:12)
  3 sky beasts
  A necrophage (D:9)
  5 wasps
  20 ogres
  7 wolves
  3 eyes of draining
  8 centaurs
  8 crocodiles
  10 big kobolds
  A wyvern zombie (D:10)
  19 giant frogs
  2 gnoll sergeants (D:12)
  Dowan (D:6)
  A water moccasin zombie (D:7)
  A wyvern skeleton (D:8)
  7 scorpions
  A water moccasin skeleton (D:10)
  4 small abominations (Depths:1)
  11 wights
  8 killer bees (D:10)
  5 electric eels (D:10)
  7 crimson imps
  8 hounds
  7 lava snakes (Volcano)
  2 quasits
  5 centaur zombies
  12 jellies
  2 giant frog skeletons
  44 orc wizards
  31 orc priests
  A gnoll shaman (D:10)
  10 iguanas
  16 worker ants
  A hell rat (D:10)
  14 sheep
  A hound zombie (D:6)
  A hound skeleton (D:6)
  A worker ant zombie (D:11)
  16 adders
  11 gnolls
  30 river rats
  9 shadow imps
  19 oozes
  An adder skeleton (D:4)
  4 worms
  2 dart slugs
  9 giant geckos
  98 orcs
  3 ball pythons
  2 bats (D:3)
  7 giant cockroaches
  3 goblins
  4 hobgoblins
  8 jackals
  26 kobolds
  9 quokkas
  3 giant newts
  A jackal zombie (D:5)
  A quokka skeleton (D:9)
  7 rats
  A fungus (Lair:6)
  11 plants
967 creatures vanquished.

Vanquished Creatures (others)
  A swamp dragon (shapeshifter) (D:14)
  2 humans (Lair:6)
  A water moccasin (Lair:6)
  A wolf (IceCv)
  An orc priest (Orc:2)
  A hound skeleton (D:9)
  A gnoll (D:9)
  4 orcs (D:9)
  A kobold (D:10)
  12 fungi
  15 plants
40 creatures vanquished.

Grand Total: 1007 creatures vanquished

Notes
Turn   | Place    | Note
-------+----------+-------------------------------------------
     0 | D:1      | Duffy the Minotaur Fighter began the quest for the Orb.
     0 | D:1      | Reached XP level 1. HP: 19/19 MP: 0/0
   413 | D:1      | Reached skill level 4 in Shields
   413 | D:1      | Reached XP level 2. HP: 26/26 MP: 1/1
   898 | D:2      | Reached XP level 3. HP: 31/31 MP: 2/2
  1332 | D:3      | Reached skill level 5 in Shields
  1332 | D:3      | Reached XP level 4. HP: 38/39 MP: 3/3
  2024 | D:3      | Noticed Natasha
  2024 | D:3      | Found a blossoming altar of Fedhas.
  2312 | D:4      | Noticed a centaur
  2322 | D:4      | Killed a centaur
  2322 | D:4      | Reached skill level 5 in Maces & Flails
  2322 | D:4      | Reached XP level 5. HP: 31/45 MP: 4/4
  2430 | D:4      | Found Qucy's General Store.
  2433 | D:4      | Bought a scroll of identify for 26 gold pieces
  2637 | D:3      | Reached skill level 6 in Shields
  2961 | D:4      | Noticed an ogre
  2964 | D:4      | Reached XP level 6. HP: 32/51 MP: 5/5
  4060 | D:5      | Entered Level 5 of the Dungeon
  4064 | D:5      | Reached skill level 7 in Shields
  4110 | D:5      | Noticed azzavlup's ghost (novice NaTm)
  4134 | D:5      | Killed azzavlup's ghost
  4134 | D:5      | Reached XP level 7. HP: 51/57 MP: 6/6
  4178 | D:5      | Reached skill level 8 in Shields
  4480 | D:5      | Found a staircase to the Ecumenical Temple.
  4492 | Temple   | Entered the Ecumenical Temple
  4605 | Temple   | Became a worshipper of the Shining One
  4855 | D:5      | Reached XP level 8. HP: 56/64 MP: 7/7
  5480 | D:5      | Noticed Menkaure
  5482 | D:5      | Reached skill level 9 in Shields
  5487 | D:5      | Killed Menkaure
  5544 | D:5      | Reached skill level 5 in Fighting
  5717 | D:6      | Noticed Duvessa
  5717 | D:6      | Noticed Dowan
  5896 | D:4      | Reached XP level 9. HP: 56/75 MP: 8/8
  5993 | D:5      | Reached skill level 10 in Shields
  6163 | D:6      | Killed Duvessa
  6163 | D:6      | Reached skill level 10 in Maces & Flails
  6173 | D:6      | Killed Dowan
  6306 | D:6      | Found a sparkling altar of Nemelex Xobeh.
  6306 | D:6      | Noticed a white ugly thing
  6306 | D:6      | Reached * piety under the Shining One
  6473 | D:6      | Noticed Grinder
  6477 | D:6      | Paralysed by Grinder for 7 turns
  6487 | D:6      | Killed Grinder
  6531 | D:6      | Found a basalt altar of Yredelemnul.
  6531 | D:6      | Found a sacrificial altar of Ru.
  6958 | D:7      | Found an ancient bone altar of Kikubaaqudgha.
  7141 | D:7      | Reached skill level 5 in Armour
  7689 | D:8      | Reached skill level 1 in Dodging
  7709 | D:8      | Found Meg Ryiv's Jewellery Shoppe.
  7821 | D:8      | Reached skill level 11 in Shields
  8739 | D:9      | Reached ** piety under the Shining One
  8749 | D:9      | Found a shattered altar of Ashenzari.
  8956 | D:9      | Reached XP level 10. HP: 88/88 MP: 9/9
  9055 | D:9      | Noticed Pikel
  9102 | D:8      | Killed Pikel
  9102 | D:8      | Reached skill level 12 in Shields
  9718 | D:9      | Reached skill level 13 in Shields
 10215 | D:9      | Reached skill level 14 in Shields
 10299 | D:10     | Entered Level 10 of the Dungeon
 10656 | D:9      | Reached XP level 11. HP: 79/97 MP: 10/10
 10865 | D:10     | Found a viscous altar of Jiyva.
 10959 | D:10     | Reached *** piety under the Shining One
 11299 | D:10     | Found a staircase to the Lair.
 11883 | D:10     | Noticed a hill giant
 11902 | D:10     | Killed a hill giant
 11902 | D:10     | Reached skill level 10 in Fighting
 12764 | D:10     | Noticed an unseen horror
 12800 | D:10     | Killed an unseen horror
 13150 | D:10     | Found a deep blue altar of Sif Muna.
 13411 | D:11     | Noticed a hill giant
 13417 | D:11     | Reached **** piety under the Shining One
 13426 | D:11     | Killed a hill giant
 14150 | D:11     | Noticed a white ugly thing
 14413 | D:12     | Noticed a vault guard
 14427 | D:12     | Killed a vault guard
 14427 | D:12     | Reached skill level 10 in Armour
 14443 | D:12     | Found a portal to a secret trove of treasure.
 14625 | D:11     | Killed a white ugly thing
 14625 | D:11     | Reached skill level 1 in Evocations
 14876 | D:11     | Noticed a hill giant
 14895 | D:11     | Killed a hill giant
 15229 | D:12     | Noticed a cyan ugly thing
 15255 | D:12     | Found Feetyze's Magic Scroll Shop.
 15258 | D:12     | Bought a scroll of identify for 30 gold pieces
 15258 | D:12     | Bought a scroll of fog for 30 gold pieces
 15471 | D:11     | Reached XP level 12. HP: 104/106 MP: 12/12
 15588 | D:12     | Reached ***** piety under the Shining One
 16213 | D:12     | Noticed Psyche
 16220 | D:12     | Killed Psyche
 16244 | D:12     | Noticed Harold
 16284 | D:12     | Killed Harold
 16349 | D:12     | Found a staircase to the Orcish Mines.
 17312 | Orc:1    | Entered Level 1 of the Orcish Mines
 17339 | Orc:1    | Noticed Snorg
 17587 | D:12     | Killed Snorg
 17587 | D:12     | Reached skill level 5 in Dodging
 17937 | Orc:1    | Found a frozen archway.
 17998 | IceCv    | Entered an ice cave
 18494 | Orc:1    | Noticed Josephine
 18542 | D:12     | Killed Josephine
 18624 | Orc:1    | Noticed Erolcha
 18631 | Orc:1    | Killed Erolcha
 18983 | D:8      | Bought the ring "Oruic" {rPois rF+ rC+ MR+} for 652 gold pieces
 19072 | Lair:1   | Entered Level 1 of the Lair of Beasts
 19130 | Lair:1   | Noticed Gastronok
 19196 | Lair:1   | Killed Gastronok
 19196 | Lair:1   | Reached XP level 13. HP: 90/113 MP: 15/15
 20501 | Lair:2   | Reached skill level 1 in Invocations
 21697 | Lair:3   | Noticed crawlian's ghost (journeyman DEFE)
 21704 | Lair:3   | Killed crawlian's ghost
 21726 | Lair:3   | Found a staircase to the Shoals.
 21831 | Lair:3   | Reached skill level 15 in Shields
 22088 | Lair:4   | Found a dark tunnel.
 22093 | Volcano  | Entered a volcano
 22421 | Volcano  | Found a bloodstained altar of Trog.
 22785 | Lair:4   | Reached skill level 5 in Invocations
 22894 | Lair:4   | Found a hole to the Spider Nest.
 23403 | Lair:4   | Reached skill level 5 in Evocations
 24969 | Lair:5   | Found a staircase to the Slime Pits.
 25077 | Lair:6   | Entered Level 6 of the Lair of Beasts
 25464 | Lair:6   | Noticed Kirke
 25483 | Lair:6   | Reached XP level 14. HP: 119/122 MP: 18/18
 25494 | Lair:6   | Killed Kirke
 25714 | Lair:6   | Reached ****** piety under the Shining One
 26657 | Lair:6   | Reached skill level 10 in Dodging
 27337 | Lair:6   | Got a slimy ivory ring
 27338 | Lair:6   | Identified the ring "Dechiyl" {*Contam rN+ Int+9} (You found it on level 6 of the Lair of Beasts)
 27506 | D:10     | Learned a level 1 spell: Apportation
 27509 | D:10     | Learned a level 2 spell: Blink
 27511 | D:10     | Learned a level 1 spell: Summon Butterflies
 27516 | D:10     | Learned a level 4 spell: Passage of Golubria
 27607 | Orc:2    | Entered Level 2 of the Orcish Mines
 28597 | Orc:2    | Found a staircase to the Elven Halls.
 28661 | Orc:2    | Reached skill level 16 in Shields
 28739 | Orc:2    | Noticed an orc warlord
 28965 | Orc:2    | Noticed an orc warlord
 29044 | Orc:1    | Killed an orc warlord
 29162 | Orc:2    | Killed an orc warlord
 29756 | Orc:2    | Found Ygel Xyb Quf's Antique Armour Shop.
 29757 | Orc:2    | Found Efag Iramo's Antique Weapon Shop.
 29760 | Orc:2    | Found Zoqeumim's General Store.
 29760 | Orc:2    | Found Quic's Jewellery Boutique.
 29771 | Orc:2    | Reached XP level 15. HP: 134/134 MP: 19/19
 30138 | D:12     | Bought a scroll of acquirement for 780 gold pieces
 30142 | D:12     | Got an iridescent war axe
 30326 | D:13     | Found a labyrinth entrance.
 30333 | Lab      | Entered a labyrinth
 30354 | Lab      | Noticed Shenda's ghost (journeyman DsGl)
 30402 | Lab      | Killed Shenda's ghost
 30861 | Lab      | Got a wavering garnet amulet
 30868 | Lab      | Identified the Handbook of Supportive Confrontation
 30874 | Lab      | Identified the amulet "Yssumias" {Harm *Drain Str+4 Dex-5} (You took it off a minotaur in a labyrinth)
 31770 | D:14     | Found a gate to the Vaults.
 32295 | D:14     | Reached skill level 17 in Shields
 32433 | D:14     | Found a white marble altar of Elyvilon.
 32588 | D:15     | Entered Level 15 of the Dungeon
 32714 | D:15     | Found a staircase to the Depths.
 32865 | D:15     | Found Zaetota's Magic Scroll Boutique.
 32876 | D:15     | Bought a scroll of identify for 30 gold pieces
 34343 | Depths:1 | Entered Level 1 of the Depths
 34500 | D:15     | Reached XP level 16. HP: 146/147 MP: 20/20
 34525 | Depths:1 | Found a one-way gate to the infinite horrors of the Abyss.
 34642 | Depths:1 | Found Musowory's Armour Shop.
 34656 | Depths:1 | Found a gateway to Hell.
 34925 | Depths:1 | Reached skill level 18 in Shields
 35056 | Depths:1 | Found Uckeank's Book Emporium.
 35057 | Depths:1 | Found Ugill's Antique Weapon Shoppe.
 35057 | Depths:1 | Found Caneutaa's Armour Emporium.
 35097 | Depths:1 | Reached skill level 15 in Fighting
 35097 | Depths:1 | Reached skill level 15 in Armour
 35171 | Depths:1 | Found Utaicysk's Magic Scroll Shoppe.
 35483 | Depths:1 | Noticed a lich
 35496 | Depths:1 | Killed a lich
 36625 | Depths:4 | Found Faagg's Magic Scroll Emporium.
 36625 | Depths:4 | Noticed a tentacled monstrosity
 36651 | Depths:3 | Killed a tentacled monstrosity
 37214 | Depths:4 | Noticed a shadow dragon
 37279 | Depths:3 | HP: 1/151 [spriggan defender/enchanted quick blade (9)]
 37280 | Depths:3 | Demolished by a spriggan defender

Vault maps used:
D:1:      grunt_arrival_lava_bath, serial_glass, glass_columns_a,
          glass_columns_a, kennysheep_boxes
D:3:      first_bread, grunt_decor_mini_mirrors, tgw_fedhas, uniq_natasha
D:4:      serial_shops, nicolae_shop_competitors_out_of_business, minmay_bent
D:5:      uniq_menkaure
D:6:      gammafunk_temple_overflow_wave, grunt_nemelex_the_gamble,
          uniq_duvessa, uniq_grinder
D:7:      kennysheep_diamond
D:8:      serial_shops, shop
D:9:      evilmike_ruin_ashenzari, uniq_pikel
D:10:     kennysheep_orc_sif_temple, dpeg_lair_monsters, serial_bayou,
          serial_bayou_lagoon_a, serial_bayou_lake_a, serial_bayou_ford_a,
          serial_bayou_pond_c, jiyva_altar_1
D:11:     the_bakery
D:12:     kennysheep_orc_monster_closet_entryway, serial_shops, kennysheep_mini,
          enter_trove_5, uniq_harold, uniq_psyche
D:13:     lab_entry_generic
D:14:     lightli_vaults_fourway_checkpoint, elyvilon_altar_5
D:15:     hangedman_depths_entry_try_elsewhere_first, serial_shops,
          nicolae_shop_trees, serial_park_tiny_1, minivault_10
Temple:   compressed_dpeg_circular_temple
Lair:1:   uniq_gastronok
Lair:2:   serial_bayou_shore_a
Lair:3:   lemuel_slime, shoals_dummy_entry
Lair:4:   nicolae_spider_entry_non_spiders, enter_volcano_4, st_stairs_7,
          wad_woods_03, serial_bayou_shore_b
Lair:5:   dpeg_slime_entry_corner, lemuel_fruit_tree, grunt_megastairs_1
Lair:6:   evilmike_catoblepas_cave, grunt_forest_large_clearings,
          infiniplex_staircase_pool_2, uniq_kirke
Orc:1:    portal_ice_cave_rime, nicolae_orc_crystal_geode, uniq_snorg,
          uniq_erolcha, uniq_josephine
Orc:2:    st_orc_congregation
Depths:1: abandoned_shop, serial_shops, nicolae_shop_statue_plus,
          minmay_room_of_horrors, hell_entry, minmay_crystal_water,
          small_chamber_with_monster, corner_web_ring, patterned_corridor,
          minmay_shoptagon
Depths:2: minmay_shrinking_squares, infiniplex_staircase_split_hallway,
          pf_coc_iceberg, roderic_lattice_octagonal_star
Depths:3: box_level_dp, hell_entry, pan_entry, serial_shops
Depths:4: wad_pebble_path, bh_chokoban, nicolae_abyss_entry_one_way_or_another,
          serial_shops, bzr_in_the_mist, shop, hell_entry, tgw_xom
Lab:      labyrinth_spiral
IceCv:    ice_cave_caverns_02
Volcano:  volcano_grotto

Skill      XL: |  1  2  3  4  5  6  7  8  9 10 11 12 13 14 15 16 |
---------------+-------------------------------------------------+-----
Shields        | 4 5 6 7 8 9 11 14 15 16 17 18 | 18.8
Maces & Flails | 3 4 5 7 8 9 10 11 14 | 14.0
Fighting       | 6 8 9 10 12 14 16 | 16.0
Armour         | 5 6 10 12 14 16 | 16.0
Dodging        | 2 4 8 9 10 | 10.5
Evocations     | 2 4 7 |  7.5
Invocations    | 5 |  5.0

Action                   |  1- 3 |  4- 6 |  7- 9 | 10-12 | 13-15 | 16-18 || total
-------------------------+-------+-------+-------+-------+-------+-------++-------
Melee: Flail             |    84 |   178 |   332 |   730 |       |       ||  1324
       Headbutt          |     9 |    24 |    61 |   200 |   606 |   168 ||  1068
       Whip              |       |       |       |   213 |  2261 |   544 ||  3018
Evoke: Wand              |       |       |       |    12 |       |       ||    12
  Use: Scroll            |       |     5 |    10 |     9 |    16 |     3 ||    43
       Potion            |       |       |       |     2 |       |     2 ||     4
 Stab: Confused          |       |       |       |     2 |       |       ||     2
       Petrified         |       |       |       |       |     2 |       ||     2
  Eat: Chunk             |     1 |     9 |    12 |    26 |    47 |     3 ||    98
       Beef jerky        |       |       |     2 |       |       |     2 ||     4
       Royal jelly       |       |       |       |     1 |       |     2 ||     3
       Pizza             |       |       |       |     1 |       |       ||     1
       Bread ration      |       |       |       |     1 |     2 |       ||     3
Armor: Scale mail        |    46 |    69 |    12 |       |       |       ||   127
       Chain mail        |       |       |    43 |       |       |       ||    43
       Plate armour      |       |       |    54 |   210 |   448 |   136 ||   848
       Skin              |       |       |       |    16 |       |       ||    16
Dodge: Dodged            |    14 |    48 |    23 |    96 |   266 |    97 ||   544
Block: Shield            |    43 |   104 |    17 |       |       |       ||   164
       Large shield      |       |       |   252 |   680 |  1402 |   400 ||  2734
